 Dungeon Crawl Stone Soup version 0.28.0-53-g5a82cb258f (webtiles) character file.

Game seed: 16061404521628760925

19876 safid the Geomancer (level 12, -21/80 HPs)
             Began as a Gargoyle Earth Elementalist on Sept 2, 2022.
             Was an Elder of Vehumet.
             Demolished by a reaper
             ... wielding a +1 scythe of freezing
              (47 damage)
             ... in an ice cave.
             The game lasted 00:29:01 (16833 turns).

safid the Geomancer (Gargoyle Earth Elementalist)  Turns: 16833, Time: 00:29:02

Health: -21/80     AC: 15    Str: 11    XL:     12   Next: 73%
Magic:  15/27      EV: 12    Int: 34    God:    Vehumet [****..]
Gold:   713        SH:  0    Dex:  8    Spells: 20/33 levels left

rFire   . . .      SeeInvis .   D - +7 falchion of Koippe {flame, rN+ Int+8}
rCold   . . .      Faith    .   (no shield)
rNeg    + + +      Spirit   .   l - +2 robe "Vavac" {Fly Int+4 Dex-2 Slay+3}
rPois   ∞          Reflect  .   o - +0 helmet
rElec   +          Harm     .   (no cloak)
rCorr   .          Rampage  .   n - +0 pair of gloves
Will    .....                   r - +0 pair of boots
Stlth   ++........              b - amulet of regeneration
HPRegen 1.03/turn               E - ring of positive energy
MPRegen 0.20/turn               (no ring)

@: flying
A: sickness immunity, AC +8, negative energy resistance 1, electricity
resistance, torment resistance 1, petrification resistance
a: Renounce Religion


You were in an ice cave.
You worshipped Vehumet.
Vehumet was greatly pleased with you.
You visited 2 branches of the dungeon, and saw 13 of its levels.
You also visited: Ice Cave.

You collected 713 gold pieces.

Inventory:

Hand Weapons
 D - the +7 falchion of Koippe (weapon) {flame, rN+ Int+8}
   (You found it on level 8 of the Dungeon)

   It burns those it strikes, dealing additional fire damage.
   Big, fiery blades are also staple armaments of hydra-hunters.
   Int:       It affects your intelligence (+8).
   rN:        It protects you from negative energy.
Missiles
 c - 324 stones
 C - 5 curare-tipped darts
Armour
 l - the +2 robe "Vavac" (worn) {Fly Int+4 Dex-2 Slay+3}
   (You found it on level 2 of the Dungeon)

   Int:       It affects your intelligence (+4).
   Dex:       It affects your dexterity (-2).
   Slay:      It affects your accuracy & damage with ranged weapons and melee
   (+3).
   Fly:       It grants you flight.
 n - a +0 pair of gloves (worn)
 o - a +0 helmet (worn)
 r - a +0 pair of boots (worn)
Jewellery
 b - an amulet of regeneration (around neck)
 E - a ring of positive energy (left hand)
Wands
 g - a wand of digging (13)
 u - a wand of acid (12)
 z - a wand of iceblast (8)
 A - a wand of polymorph (11)
 B - a wand of flame (17)
 F - a wand of charming (6)
 H - a wand of paralysis (7)
Scrolls
 a - 10 scrolls of teleportation
 e - 4 scrolls of magic mapping
 f - 2 scrolls of enchant armour
 k - 3 scrolls of amnesia
 t - 2 scrolls of enchant weapon
 w - a scroll of torment {unknown}
 y - a scroll of fog {unknown}
 G - 2 scrolls of noise {unknown}
Potions
 d - 2 potions of might
 h - a potion of curing {unknown}
 i - a potion of brilliance {unknown}
 j - a potion of invisibility {unknown}
 m - 2 potions of cancellation
 p - a potion of resistance {unknown}
 v - a potion of haste {unknown}
 x - 3 potions of mutation
 I - a potion of attraction {unknown}


   Skills:
 + Level 11.4 Fighting
 - Level 2.0 Dodging
 - Level 2.1 Stealth
 + Level 11.0 Spellcasting
 + Level 10.9 Conjurations
 - Level 1.0 Transmutations
 + Level 11.7 Earth Magic


You had 20 spell levels left.
You knew the following spells:

 Your Spells              Type           Power      Damage    Failure   Level
a - Sandblast             Erth           100%       2d20      0%          1
b - Stone Arrow           Conj/Erth      100%       3d13      1%          3
c - Iskenderun's Mystic   Conj/Tloc      54%        2d12      1%          4
d - Lee's Rapid Deconstr  Erth           39%        3d20*     1%          5

Your spell library contained the following spells:

 Spells                   Type           Power      Damage    Failure   Level
 Olgreb's Toxic Radiance  Pois           18%        N/A       7%          4
 Beastly Appendage        Tmut           50%        N/A       1%          1
 Passwall                 Tmut/Erth      48%        N/A       1%          2
 Static Discharge         Conj/Air       54%        N/A       1%          2
 Frozen Ramparts          Ice            36%        1d5       1%          3
 Fulminant Prism          Conj/Hex       27%        3d14      1%          4
 Petrify                  Tmut/Erth      58%        N/A       1%          4
 Sticky Flame             Conj/Fire      54%        2d7       1%          4
 Lightning Bolt           Conj/Air       27%        1d43      1%          5
 Animate Skeleton         Necr           36%        N/A       2%          1
 Apportation              Tloc           36%        N/A       2%          1
 Summon Small Mammal      Summ           72%        N/A       2%          1
 Wereblood                Tmut           25%        N/A       2%          2
 Spider Form              Tmut/Pois      22%        N/A       6%          3
 Ozocubu's Armour         Ice            18%        N/A       7%          3
 Ice Form                 Ice/Tmut       22%        N/A       19%         4
 Dispel Undead            Necr           18%        3d11      24%         4
 Summon Ice Beast         Ice/Summ       18%        N/A       24%         4
 Alistair's Intoxication  Tmut/Pois      14%        N/A       47%         5
 Metabolic Englaciation   Hex/Ice        9%         N/A       54%         5
 Summon Forest            Summ/Tloc      9%         N/A       54%         5
 Summon Mana Viper        Hex/Summ       18%        N/A       54%         5
 Dispersal                Tloc           9%         N/A       98%         6
 Simulacrum               Ice/Necr       9%         N/A       98%         6
 Summon Cactus Giant      Summ           9%         N/A       98%         6
 Disjunction              Tloc           9%         N/A       100%        8
 Maxwell's Capacitive Co  Air            9%         ∞         100%        8


Dungeon Overview and Level Annotations

Branches:
Dungeon (9/15)             Temple (0/1) D:6            Lair (4/6) D:9
 Shoals (0/4) Lair:2        Snake (0/4) Lair:4        IceCv (1/1)
    Orc: D:9-12

Altars:
Ashenzari
Dithmenos
Elyvilon
Fedhas
Gozag
Qazlal
Trog
Uskayaw
Vehumet
Wu Jian
Zin

Shops:
D:8 [

Annotations:
D:6 2 transporters, 1 runed translucent door, Crazy Yiuf; Diggabert's ghost, novice DECj
D:9 2 transporters, cbfl8's ghost, novice MiBe


Innate Abilities, Weirdness & Mutations

You are immune to sickness and miasma.
Your stone body is resilient. (AC +8)
You are immune to poison.
You resist negative energy. (rN+)
You are resistant to electric shocks. (rElec)
You are resistant to unholy torment.
You are immune to petrification.


Message History

Press: ? - help, v - describe, . - travel The floor.
Unknown command.
Casting: Stone Arrow (safe; 1% risk of failure)
Confirm with . or Enter, or press ? or * to list all spells.
Aiming: Stone Arrow (safe; 1% risk of failure)
Press: ? - help, Shift-Dir - straight line, f - reaper
Aim: a reaper, wielding a +1 scythe of freezing, wearing a +2 robe of cold resistance and wearing a ring of ice (78% to hit)
The stone arrow hits the reaper!!
The reaper is moderately wounded.
The reaper shouts, "Death awaits you!" The reaper completely misses you.
Casting: Stone Arrow (safe; 1% risk of failure)
Confirm with . or Enter, or press ? or * to list all spells.
Aiming: Stone Arrow (safe; 1% risk of failure)
Press: ? - help, Shift-Dir - straight line, f/p - reaper
Aim: a reaper, wielding a +1 scythe of freezing, wearing a +2 robe of cold resistance and wearing a ring of ice (moderately wounded, 78% to hit)
The stone arrow hits the reaper!!
The reaper is heavily wounded.
The reaper hits you from afar with a +1 scythe of freezing!!
The reaper freezes you.
Casting: Stone Arrow (safe; 1% risk of failure)
Confirm with . or Enter, or press ? or * to list all spells.
Aiming: Stone Arrow (safe; 1% risk of failure)
Press: ? - help, Shift-Dir - straight line, f/p - reaper
Aim: a reaper, wielding a +1 scythe of freezing, wearing a +2 robe of cold resistance and wearing a ring of ice (heavily wounded, 78% to hit)
The stone arrow hits the reaper!
The reaper is severely wounded.
The reaper hits you from afar with a +1 scythe of freezing!!
The reaper freezes you!
Casting: Stone Arrow (safe; 1% risk of failure)
Confirm with . or Enter, or press ? or * to list all spells.
Aiming: Stone Arrow (safe; 1% risk of failure)
Press: ? - help, Shift-Dir - straight line, f/p - reaper
Aim: a reaper, wielding a +1 scythe of freezing, wearing a +2 robe of cold resistance and wearing a ring of ice (severely wounded, 78% to hit)
The stone arrow misses the reaper.
The reaper draws a finger across its throat.
The reaper hits you from afar with a +1 scythe of freezing!!!
Ouch! That really hurt!
You die...

##...#..####..#
#..§○§
##..○.○☼○#§§○☼§.
#5....#§☼☼
##....#☼○##§§§#..
#...☼#####
#......§##§○§§.
....5. ##
##......☼.§#§#
..... #.
##.....###○§#
###...# #.
###..#..§○.#
...#### ##
####.....#......
## ###..@...# ##.
###.....# #..
###2### #.. ...
##. ?## ## ## #


You could see a reaper.

Vanquished Creatures
  2 hydras
  An oklob plant (Lair:2)
  2 ice statues (IceCv)
  A merfolk siren (Lair:2)
  2 centaur zombies
  7 cane toads
  A torpor snail (Lair:4)
  2 rime drakes (Lair:4)
  Maggie (D:6)
  4 ice devils (IceCv)
  A troll (D:8)
  A merfolk (Lair:2)
  2 polar bears
  Prince Ribbit (D:9)
  A hornet (Lair:2)
  3 blink frogs (Lair:2)
  Eustachio (D:4)
  27 yaks
  A dire elephant simulacrum (IceCv)
  A wyvern (Lair:3)
  2 basilisks (Lair:3)
  3 steam dragons
  2 death yak simulacra (IceCv)
  2 acid dragons
  2 harpy simulacra (IceCv)
  11 water moccasins
  3 black bears
  2 orc warriors
  A necrophage (D:7)
  An ogre (D:7)
  3 wolves (Lair:2)
  2 centaurs (D:7)
  3 phantoms
  3 kobold brigands
  9 bullfrogs
  A gnoll sergeant (D:9)
  A cane toad simulacrum (IceCv)
  2 two-headed ogre simulacra (IceCv)
  A wyvern zombie (D:8)
  5 scorpions
  A water moccasin zombie (D:5)
  An elephant simulacrum (IceCv)
  3 killer bees (D:8)
  8 wights
  A bullfrog zombie (D:6)
  2 howler monkeys (D:8)
  A lava snake (Lair:2)
  2 hounds
  A jelly (D:7)
  2 centaur skeletons
  6 iguanas
  A gnoll shaman (D:5)
  An orc wizard (D:9)
  A scorpion zombie (D:4)
  A spriggan simulacrum (IceCv)
  6 hell rats (Lair:1)
  A polar bear simulacrum (IceCv)
  3 troll simulacra (IceCv)
  2 killer bee zombies
  2 wolf simulacra (IceCv)
  A howler monkey zombie (D:9)
  Robin (D:3)
  9 gnolls
  5 adders
  3 naga simulacra (IceCv)
  6 white imps
  An ufetubus (IceCv)
  An adder skeleton (D:4)
  2 worms
  2 dart slugs (D:4)
  11 orcs
  4 endoplasms
  3 giant cockroaches
  16 goblins
  14 hobgoblins
  2 jackals (D:3)
  3 quokkas
  4 ball pythons
  7 bats
  11 frilled lizards
  14 kobolds
  4 rats
291 creatures vanquished.

Vanquished Creatures (others)
  A bush (Lair:1)
  10 fungi
  10 plants
21 creatures vanquished.

Grand Total: 312 creatures vanquished

Notes
Turn   | Place    | Note
-------+----------+-------------------------------------------
     0 | D:1      | safid the Gargoyle Earth Elementalist began the quest for
                  | the Orb.
     0 | D:1      | Reached XP level 1. HP: 10/10 MP: 3/3
   139 | D:1      | Reached skill level 1 in Transmutations
   139 | D:1      | Reached XP level 2. HP: 16/16 MP: 5/5
   580 | D:2      | Reached skill level 1 in Fighting
   886 | D:2      | Found a faded altar of an unknown god.
   914 | D:2      | Reached XP level 3. HP: 20/20 MP: 6/6
  1321 | D:2      | Identified the +2 robe "Vavac" {Fly Int+4 Dex-2 Slay+3}
  1521 | D:2      | Learned a level 3 spell: Stone Arrow
  1910 | D:3      | Reached XP level 4. HP: 16/26 MP: 5/7
  2158 | D:3      | Found a glowing silver altar of Zin.
  2242 | D:3      | Noticed Robin
  2266 | D:3      | Killed Robin
  2526 | D:3      | Found a shadowy altar of Dithmenos.
  2590 | D:3      | Noticed a phantom
  2598 | D:3      | Killed a phantom
  2599 | D:3      | Reached skill level 5 in Earth Magic
  2599 | D:3      | Reached XP level 5. HP: 23/31 MP: 9/9
  2718 | D:3      | Found an ornate altar of the Wu Jian Council.
  3262 | D:4      | Noticed Eustachio
  3272 | D:4      | Killed Eustachio
  3273 | D:4      | Reached XP level 6. HP: 23/38 MP: 5/11
  3506 | D:4      | Found an opulent altar of Gozag.
  3532 | D:4      | You are sucked into a shaft and drop 2 floors!
  3538 | D:5      | Entered Level 5 of the Dungeon
  3593 | D:5      | Reached XP level 7. HP: 43/43 MP: 11/13
  4167 | D:5      | Reached skill level 5 in Fighting
  4270 | D:5      | Reached XP level 8. HP: 49/49 MP: 15/15
  4408 | D:4      | Reached skill level 5 in Spellcasting
  5510 | D:6      | Found a radiant altar of Vehumet.
  5510 | D:6      | Noticed Maggie
  5521 | D:6      | Killed Maggie
  5579 | D:6      | Reached XP level 9. HP: 17/56 MP: 13/18
  5587 | D:6      | Became a worshipper of Vehumet
  5858 | D:6      | Found a staircase to the Ecumenical Temple.
  5918 | D:6      | Noticed a queen bee
  5926 | D:6      | Noticed a hornet
  5927 | D:6      | Noticed Diggabert's ghost (novice DECj)
  6260 | D:6      | Found a transporter.
  6260 | D:6      | Found a transporter.
  6315 | D:6      | Found a runed translucent door.
  6316 | D:6      | Noticed Crazy Yiuf
  6598 | D:7      | Found a broken altar of Ashenzari.
  7332 | D:7      | Found a blossoming altar of Fedhas.
  7559 | D:8      | Noticed a troll
  7567 | D:8      | Killed a troll
  7760 | D:8      | Identified the +7 falchion of Koippe {flame, rN+ Int+8}
  7784 | D:8      | Found a bloodstained altar of Trog.
  7873 | D:8      | Reached skill level 10 in Earth Magic
  8022 | D:8      | Reached XP level 10. HP: 65/65 MP: 14/21
  8051 | D:8      | Reached * piety under Vehumet
  8051 | D:8      | Offered knowledge of Foxfire by Vehumet.
  8052 | D:8      | Reached skill level 1 in Conjurations
  8255 | D:8      | Found Udablics's Armour Boutique.
  8727 | D:8      | Found a white marble altar of Elyvilon.
  8854 | D:9      | Found a transporter.
  8854 | D:9      | Found a transporter.
  8854 | D:9      | Noticed a two-headed ogre
  8855 | D:9      | Noticed cbfl8's ghost (novice MiBe)
  8855 | D:9      | Noticed a two-headed ogre
  8857 | D:9      | Noticed a two-headed ogre
  8858 | D:9      | Identified the +3 giant club of Muriuz {venom, rPois Will-
                  | Dex+5}
  8858 | D:9      | Noticed a two-headed ogre
  8945 | D:9      | Found a stormy altar of Qazlal.
  9093 | D:9      | Found a staircase to the Lair.
  9353 | D:9      | Noticed Prince Ribbit
  9365 | D:9      | Killed Prince Ribbit
  9532 | D:9      | Found a hide-covered altar of Uskayaw.
  9710 | Lair:1   | Entered Level 1 of the Lair of Beasts
  9810 | Lair:1   | Noticed a cane toad
  9815 | Lair:1   | Killed a cane toad
  9815 | Lair:1   | Reached ** piety under Vehumet
  9815 | Lair:1   | Offered knowledge of Scorch by Vehumet.
 10099 | Lair:1   | Noticed a cane toad
 10101 | Lair:1   | Killed a cane toad
 10102 | Lair:1   | Reached skill level 10 in Fighting
 10102 | Lair:1   | Reached skill level 5 in Conjurations
 10296 | Lair:1   | Reached XP level 11. HP: 64/72 MP: 6/24
 11000 | Lair:1   | Noticed an eight-headed hydra
 11006 | Lair:1   | Killed an eight-headed hydra
 11564 | Lair:1   | Reached skill level 10 in Spellcasting
 12137 | Lair:2   | Noticed an oklob plant
 12168 | Lair:2   | Offered knowledge of Conjure Flame by Vehumet.
 12900 | Lair:2   | Reached *** piety under Vehumet
 12980 | Lair:2   | Found a staircase to the Shoals.
 13334 | Lair:2   | Learned a level 4 spell: Iskenderun's Mystic Blast
 13340 | Lair:2   | Learned a level 5 spell: Lee's Rapid Deconstruction
 13524 | Lair:2   | Noticed a six-headed hydra
 13531 | Lair:2   | Killed a six-headed hydra
 13532 | Lair:2   | Reached XP level 12. HP: 71/78 MP: 8/26
 14058 | Lair:2   | Reached skill level 10 in Conjurations
 15614 | Lair:4   | Found a frozen archway.
 15627 | IceCv    | Entered an ice cave
 15726 | IceCv    | Offered knowledge of Olgreb's Toxic Radiance by Vehumet.
 16463 | IceCv    | HP: 2/80 [death yak simulacrum (28)]
 16678 | IceCv    | Reached **** piety under Vehumet
 16829 | IceCv    | Noticed a reaper
 16833 | IceCv    | Demolished by a reaper

Illustrated notes

Levels and vault maps discovered:
D:1:      lemuel_arrival_hallway, layout_rooms, hangedman_decor_lopped
D:2:      layout_basic, basic_ecumenical_altar, minmay_lizard_pond
D:3:      layout_rooms, mainiacjoe_overflow_six_doors_small,
          mainiacjoe_overflow_surrounded_room, lemuel_coloured_pillars_altar,
          uniq_robin
D:4:      layout_basic, nicolae_gozag_cash_rules_everything_around_me,
          minmay_misc_feat_iff, uniq_eustachio
D:5:      layout_gridville
D:6:      layout_cave_pools, nicolae_vehumet_radiance, temple_fountains,
          gammafunk_ghost_hive, uniq_maggie, uniq_crazy_yiuf_cottage
D:7:      layout_rooms, mainiacjoe_overflow_alcove_1,
          nicolae_ashenzari_skybound, minmay_misc_feat_more_columns,
          minmay_misc_feat_enclosed
D:8:      layout_cave_pools, elyvilon_altar_4, trog_butcher_becter,
          serial_shops, nicolae_shop_waterfront
D:9:      layout_big_octagon, pf_just_have_faith, kennysheep_little_box,
          grunt_lair_entry_orc_guard_hut, gammafunk_ghost_smash,
          serial_bayou_lagoon_a, kennysheep_generic_room_10, uniq_prince_ribbit1
Lair:1:   layout_layer_cave
Lair:2:   layout_gridlike, elwin_shoals_entry_rooms, lemuel_fruit_fields
Lair:3:   layout_hall_layers
Lair:4:   layout_hall_layers, dummy_snake_entry, portal_ice_cave_rime,
          maelrawn_ghost_gauntlet_escape, grunt_megastairs_1
IceCv:    ice_cave_small_demon

Skill      XL: |  1  2  3  4  5  6  7  8  9 10 11 12 |
---------------+-------------------------------------+-----
Transmutations | 1 |  1.0
Fighting       | 1 2 3 4 5 6 8 10 11 | 11.4
Dodging        | 2 |  2.0
Earth Magic    | 4 5 6 8 10 11 | 11.7
Spellcasting   | 3 4 6 7 9 10 11 | 11.0
Conjurations   | 5 9 10 | 10.9
Stealth        | |  2.1

Action                   |  1- 3 |  4- 6 |  7- 9 | 10-12 || total
-------------------------+-------+-------+-------+-------++-------
Melee: Short sword       |   119 |    60 |    84 |       ||   263
       Unarmed           |     2 |       |       |       ||     2
       Punch             |     3 |       |       |       ||     3
       Falchion          |       |       |       |    94 ||    94
 Cast: Sandblast         |    21 |    26 |    40 |    70 ||   157
       Stone Arrow       |       |       |    53 |   264 ||   317
  Use: Scroll            |       |       |     8 |     3 ||    11
       Potion            |       |       |       |     3 ||     3
 Stab: Sleeping          |     4 |     1 |     2 |       ||     7
Armor: Robe              |    68 |    27 |    70 |   134 ||   299
Dodge: Dodged            |   101 |    43 |    81 |   154 ||   379
